Rangers vs Oilers

Created - 30 novembre 2020 at 20:17

Goals
1 2 3 T
Rangers 1 1 1 3
Oilers 0 0 0 0
Shots
1 2 3 T
Rangers 14 4 14 32
Oilers 6 10 8 24

1st period

1. Rangers , Alexander Radulov 9 (Erik Cernak 3) at 14:40

Penalties :
Brenden Dillon (EDM) for Interference (Minor) at 1:42, Andrew Ladd (NYR) for Diving (Minor) at 4:55, Jacob Trouba (EDM) for Interference (Minor) at 8:08, Ryan Getzlaf (EDM) for Hooking (Minor) at 16:05

2nd period

2. Rangers , Vincent Trocheck 5 (Andrew Ladd 5, Cam Atkinson 6) at 14:17

Penalties :
Brenden Dillon (EDM) for Fighting (Major) at 3:48, Milan Lucic (NYR) for Fighting (Major) at 3:48, Adam Lowry (EDM) for Tripping (Minor) at 5:31, Brenden Dillon (EDM) for Hooking (Minor) at 17:45

3rd period

3. Rangers , Nick Leddy 3 (Connor McDavid 24, Alexander Radulov 9) at 12:17 (PP)

Penalties :
Brenden Dillon (EDM) for Holding Stick (Minor) at 12:09, Jason Zucker (EDM) for High sticking (Minor) at 14:24, Evander Kane (EDM) for Interference (Minor) at 19:13

Goalie Stats

Andrei Vasilevskiy (NYR), 24 saves from 24 shots - (1,000), W, 9-1-2, 60:00 minutes
Jonathan Quick (EDM), 29 saves from 32 shots - (0,906), L, 2-4-0, 60:00 minutes

Players Stats for Rangers

Player Name              G  A  P  +/- PIM S  H  SB GA TA FO     MP     PP MP  PK MP  
------------------------------------------------------------------------------------
Alexander Radulov        1  1  2   1  0   2  4  0  0  0  0/1    22:47   5:30   0:00 
Andrew Ladd              0  1  1   1  2   0  1  0  0  0  0/0    10:42   0:00   0:00 
Brandon Pirri            0  0  0   0  0   1  0  0  0  0  3/8    10:17   0:00   0:00 
Cal Clutterbuck          0  0  0   0  0   1  0  0  0  0  0/0     8:26   0:00   0:56 
Cam Atkinson             0  1  1   1  0   3  0  0  0  0  1/1    18:01   7:18   0:00 
Connor McDavid           0  1  1   1  0   3  1  0  0  0  18/29  22:13   5:30   0:00 
David Savard             0  0  0   0  0   0  3  0  0  0  0/0    15:31   0:00   1:17 
Devin Shore              0  0  0   0  0   0  0  0  0  0  0/0    10:25   0:42   0:00 
Dmitry Kulikov           0  0  0   2  0   0  1  1  0  0  0/0    13:15   0:00   0:00 
Erik Cernak              0  1  1   2  0   0  2  0  0  0  0/0    13:57   0:42   0:00 
Matt Niskanen            0  0  0   0  0   2  2  0  0  0  0/0    25:14   6:48   0:42 
Milan Lucic              0  0  0   0  5   0  0  0  0  0  0/0     9:42   0:00   0:00 
Nick Bonino              0  0  0   0  0   6  0  0  0  0  4/10   14:33   6:00   1:03 
Nick Leddy               1  0  1   0  0   2  0  2  0  0  0/0    24:32   6:06   0:42 
Noel Acciari             0  0  0   0  0   2  1  1  0  0  0/0    15:09   6:36   1:03 
Ryan McDonagh            0  0  0   0  0   3  0  2  0  0  0/0    21:31   6:00   1:17 
Vincent Trocheck         1  0  1   1  0   5  2  0  0  0  19/34  18:57   7:18   0:56 
Zach Hyman               0  0  0   1  0   2  2  0  0  0  0/0    22:47   5:30   0:00 

Players Stats for Oilers

Player Name              G  A  P  +/- PIM S  H  SB GA TA FO     MP     PP MP  PK MP  
------------------------------------------------------------------------------------
Adam Lowry               0  0  0  -1  2   1  1  1  0  0  15/32  18:13   0:00   6:12 
Barclay Goodrow          0  0  0   0  0   3  4  0  0  0  0/1    21:20   1:24   7:11 
Brenden Dillon           0  0  0   0  11  1  5  1  0  0  0/0    17:51   0:00   3:09 
Brent Burns              0  0  0  -2  0   2  2  2  0  0  0/0    25:43   1:24   5:57 
Evander Kane             0  0  0   0  2   3  3  0  0  0  0/0    17:26   0:35   0:00 
Gustav Nyquist           0  0  0   0  0   4  0  0  0  0  0/0    17:27   0:35   0:00 
Jacob Trouba             0  0  0  -2  2   1  1  1  0  0  0/0    19:56   1:24   0:51 
Jason Zucker             0  0  0   0  2   2  0  0  0  0  0/2    14:59   1:24   0:51 
Jean-Gabriel Pageau      0  0  0  -1  0   1  1  1  0  0  7/15   13:52   0:00   5:29 
Justin Braun             0  0  0   0  0   0  3  0  0  0  0/0    18:22   0:00   5:42 
Nick Cousins             0  0  0  -1  0   0  0  1  0  0  0/0    11:28   0:00   4:15 
Pavel Buchnevich         0  0  0  -1  0   2  0  0  0  0  1/7    13:26   0:00   0:00 
Riley Nash               0  0  0  -1  0   0  0  0  0  0  1/3     8:51   0:00   1:38 
Ryan Getzlaf             0  0  0   0  2   0  0  0  0  0  8/11    7:34   0:35   0:00 
Ryan Johansen            0  0  0   0  0   2  0  0  0  0  6/12   14:09   1:24   0:00 
Travis Hamonic           0  0  0   0  0   0  0  0  0  0  0/0    21:26   0:00   6:35 
Vladislav Gavrikov       0  0  0   0  0   1  2  0  0  0  0/0    16:02   0:35   3:22 
Yanni Gourde             0  0  0  -1  0   1  2  0  0  0  0/0     8:58   0:35   0:00 

3 Stars

1 - Andrei Vasilevskiy (NYR)
2 - Alexander Radulov (NYR)
3 - Vincent Trocheck (NYR)

Power Play

Rangers - 1 on 8 Attempt(s) - 12,50%
Oilers - 0 on 1 Attempt(s) - 0,00%

Penalty Kill

Rangers - 1 on 1 Attempt(s) - 100,00% - Score 0 goal in Penalty Kill
Oilers - 7 on 8 Attempt(s) - 87,50% - Score 0 goal in Penalty Kill

Team Stat

Rangers - Hits : 19 - Faceoff Wins : 45 - Blocked Shots : 6 - Penalty Minutes : 7
Oilers - Hits : 24 - Faceoff Wins : 38 - Blocked Shots : 7 - Penalty Minutes : 21

Official

Referees : Kevin Pollock and Ryan Hersey
Linesman : Matt MacPherson and Darren Gibbs

Game Notes

Brenden Dillon and Milan Lucic fight to a draw at 3:48 of 2nd period
Ryan Getzlaf is injured at 8:10 of 2nd period (Sprained Right Finger)

Finance

Level 1 -- Attendance: 6202 (95,42%) -- Ticket Income 756 644 $
Level 2 -- Attendance: 4452 (89,04%) -- Ticket Income 418 488 $
Level 3 -- Attendance: 3047 (87,06%) -- Ticket Income 228 525 $
Level 4 -- Attendance: 839 (100,00%) -- Ticket Income 61 247 $
Luxury Box -- Attendance: 1000 (100,00%) -- Ticket Income 232 000 $
Game was played at the Rexall Place.
Total Attendance: 15540 (92,29%)
Total Ticket Income: 1 696 904 $
Other Income: 831 483 $
Total Income: 2 528 387 $

% Time on Ice - Rangers

Lines # - Real PCT - Wanted PCT - Time Play
Normal Forward
1 - 37% - 43% - 16:43
2 - 24% - 33% - 10:43
3 - 17% - 15% - 7:30
4 - 23% - 9% - 10:17
Normal Defense
1 - 39% - 44% - 17:44
2 - 31% - 33% - 14:14
3 - 29% - 23% - 13:15
4 - 0% - 0% - 0:00
PP Forward
1 - 43% - 55% - 5:30
2 - 57% - 45% - 7:18
PP Defense
1 - 53% - 55% - 6:48
2 - 47% - 45% - 6:00
PK Forward
1 - 47% - 55% - 0:56
2 - 53% - 45% - 1:03
PK Defense
1 - 35% - 55% - 0:42
2 - 65% - 45% - 1:17
PK3 Forward
1 - 0% - 55%
2 - 0% - 45%
PK3 Defense
1 - 0% - 55%
2 - 0% - 45%
44 Forward
1 - 0% - 55%
2 - 0% - 45%
44 Defense
1 - 0% - 55%
2 - 0% - 45%
Last Minute Offensive  - 0:00
Last Minute Defensive  - 0:00
Total
Forward - 60:00
Defense - 60:00

% Time on Ice - Oilers

Lines # - Real PCT - Wanted PCT - Time Play
Normal Forward
1 - 37% - 40% - 16:52
2 - 28% - 30% - 12:45
3 - 19% - 20% - 8:23
4 - 16% - 10% - 7:13
Normal Defense
1 - 39% - 40% - 17:38
2 - 33% - 30% - 14:51
3 - 27% - 20% - 12:00
4 - 2% - 10% - 0:44
PP Forward
1 - 29% - 60% - 0:35
2 - 71% - 40% - 1:24
PP Defense
1 - 71% - 60% - 1:24
2 - 29% - 40% - 0:35
PK Forward
1 - 69% - 60% - 8:48
2 - 31% - 40% - 4:00
PK Defense
1 - 54% - 60% - 6:51
2 - 46% - 40% - 5:57
PK3 Forward
1 - 0% - 60%
2 - 0% - 40%
PK3 Defense
1 - 0% - 60%
2 - 0% - 40%
44 Forward
1 - 0% - 60%
2 - 0% - 40%
44 Defense
1 - 0% - 60%
2 - 0% - 40%
Last Minute Offensive  - 0:00
Last Minute Defensive  - 0:00
Total
Forward - 60:00
Defense - 60:00

Play-by-Play

1st period


0:01 of 1st period - Ryan Getzlaf wins face-off versus Connor McDavid in neutral zone.
1:09 of 1st period - Icing by Brenden Dillon.
1:10 of 1st period - Vincent Trocheck wins face-off versus Jason Zucker in Oilers zone.
1:20 of 1st period - Cam Atkinson is hit by Brenden Dillon and loses puck.
1:34 of 1st period - Vincent Trocheck is hit by Brenden Dillon and loses puck.
1:42 of 1st period - Minor Penalty to Brenden Dillon for Interference.
1:43 of 1st period - Adam Lowry wins face-off versus Vincent Trocheck in Oilers zone.
2:00 of 1st period - Shot by Noel Acciari.
2:00 of 1st period - Stopped by Jonathan Quick without a rebound.
2:01 of 1st period - Connor McDavid wins face-off versus Jean-Gabriel Pageau in Oilers zone.
2:12 of 1st period - Shot by Connor McDavid.
2:12 of 1st period - Shot Misses the Net.
2:14 of 1st period - Shot by Zach Hyman.
2:14 of 1st period - Stopped by Jonathan Quick with a rebound.
2:16 of 1st period - Shot by Nick Leddy.
2:16 of 1st period - Shot Misses the Net.
2:38 of 1st period - Icing by Matt Niskanen.
2:39 of 1st period - Connor McDavid wins face-off versus Adam Lowry in Rangers zone.
2:46 of 1st period - Nick Leddy is hit by Barclay Goodrow and loses puck.
3:21 of 1st period - Icing by Nick Bonino.
3:22 of 1st period - Adam Lowry wins face-off versus Vincent Trocheck in Rangers zone.
3:33 of 1st period - Shot by Nick Bonino.
3:33 of 1st period - Stopped by Jonathan Quick without a rebound.
3:34 of 1st period - Vincent Trocheck wins face-off versus Adam Lowry in Oilers zone.
4:08 of 1st period - Pavel Buchnevich is hit by Dmitry Kulikov and loses puck.
4:14 of 1st period - Icing by Brandon Pirri.
4:15 of 1st period - Ryan Getzlaf wins face-off versus Brandon Pirri in Rangers zone.
4:22 of 1st period - Shot by Gustav Nyquist.
4:22 of 1st period - Stopped by Andrei Vasilevskiy without a rebound.
4:23 of 1st period - Ryan Getzlaf wins face-off versus Vincent Trocheck in Rangers zone.
4:55 of 1st period - Minor Penalty to Andrew Ladd for Diving.
4:56 of 1st period - Ryan Johansen wins face-off versus Vincent Trocheck in Rangers zone.
5:08 of 1st period - Brent Burns is hit by David Savard.
5:16 of 1st period - Shot by Jason Zucker.
5:16 of 1st period - Shot Misses the Net.
5:18 of 1st period - Shot by Jacob Trouba.
5:18 of 1st period - Stopped by Andrei Vasilevskiy without a rebound.
5:19 of 1st period - Ryan Getzlaf wins face-off versus Vincent Trocheck in Rangers zone.
5:30 of 1st period - Shot by Cal Clutterbuck.
5:30 of 1st period - Stopped by Jonathan Quick with a rebound.
5:32 of 1st period - Shot by Vincent Trocheck.
5:32 of 1st period - Stopped by Jonathan Quick without a rebound.
5:33 of 1st period - Vincent Trocheck wins face-off versus Ryan Johansen in Oilers zone.
5:43 of 1st period - Icing by Ryan Johansen.
5:44 of 1st period - Ryan Johansen wins face-off versus Nick Bonino in Oilers zone.
5:46 of 1st period - Icing by Brent Burns.
5:47 of 1st period - Ryan Johansen wins face-off versus Vincent Trocheck in Oilers zone.
8:02 of 1st period - Shot by Vincent Trocheck.
8:02 of 1st period - Stopped by Jonathan Quick without a rebound.
8:03 of 1st period - Ryan Getzlaf wins face-off versus Vincent Trocheck in Oilers zone.
8:03 of 1st period - Ryan Getzlaf is hit by Vincent Trocheck.
8:08 of 1st period - Minor Penalty to Jacob Trouba for Interference.
8:09 of 1st period - Vincent Trocheck wins face-off versus Adam Lowry in Oilers zone.
8:55 of 1st period - Barclay Goodrow is hit by Noel Acciari and loses puck.
9:22 of 1st period - Shot by Connor McDavid.
9:22 of 1st period - Shot Blocked by Nick Cousins.
9:24 of 1st period - Shot by Alexander Radulov.
9:24 of 1st period - Stopped by Jonathan Quick without a rebound.
9:25 of 1st period - Riley Nash wins face-off versus Connor McDavid in Oilers zone.
9:36 of 1st period - Shot by Ryan McDonagh.
9:36 of 1st period - Stopped by Jonathan Quick without a rebound.
9:37 of 1st period - Jean-Gabriel Pageau wins face-off versus Vincent Trocheck in Oilers zone.
9:43 of 1st period - Icing by Nick Leddy.
9:44 of 1st period - Adam Lowry wins face-off versus Vincent Trocheck in Rangers zone.
9:55 of 1st period - Shot by Adam Lowry.
9:55 of 1st period - Shot Blocked by Noel Acciari.
10:24 of 1st period - Shot by Evander Kane.
10:24 of 1st period - Shot Blocked by Ryan McDonagh.
10:40 of 1st period - Shot by Gustav Nyquist.
10:40 of 1st period - Stopped by Andrei Vasilevskiy without a rebound.
10:41 of 1st period - Jean-Gabriel Pageau wins face-off versus Connor McDavid in Rangers zone.
10:46 of 1st period - Shot by Pavel Buchnevich.
10:46 of 1st period - Shot Blocked by Dmitry Kulikov.
10:48 of 1st period - Shot by Jean-Gabriel Pageau.
10:48 of 1st period - Deflect By Pavel Buchnevich.
10:48 of 1st period - Stopped by Andrei Vasilevskiy with a rebound.
11:46 of 1st period - Shot by Barclay Goodrow.
11:46 of 1st period - Stopped by Andrei Vasilevskiy with a rebound.
11:48 of 1st period - Shot by Jason Zucker.
11:48 of 1st period - Shot Blocked by Nick Leddy.
11:50 of 1st period - Shot by Brenden Dillon.
11:50 of 1st period - Stopped by Andrei Vasilevskiy without a rebound.
11:51 of 1st period - Nick Bonino wins face-off versus Ryan Getzlaf in Rangers zone.
13:53 of 1st period - Shot by Connor McDavid.
13:53 of 1st period - Stopped by Jonathan Quick without a rebound.
13:54 of 1st period - Jean-Gabriel Pageau wins face-off versus Brandon Pirri in Oilers zone.
14:40 of 1st period - Shot by Alexander Radulov.
14:40 of 1st period - Goal by Alexander Radulov - Rangers : 1 - Oilers : 0.
14:41 of 1st period - Vincent Trocheck wins face-off versus Ryan Getzlaf in neutral zone.
14:52 of 1st period - Shot by Cam Atkinson.
14:52 of 1st period - Stopped by Jonathan Quick without a rebound.
14:53 of 1st period - Adam Lowry wins face-off versus Connor McDavid in Oilers zone.
14:53 of 1st period - Adam Lowry is hit by Zach Hyman.
15:23 of 1st period - Shot by Nick Cousins.
15:23 of 1st period - Shot Misses the Net.
15:54 of 1st period - Erik Cernak is hit by Adam Lowry.
16:05 of 1st period - Minor Penalty to Ryan Getzlaf for Hooking.
16:06 of 1st period - Jean-Gabriel Pageau wins face-off versus Vincent Trocheck in Oilers zone.
16:14 of 1st period - Icing by Cam Atkinson.
16:15 of 1st period - Vincent Trocheck wins face-off versus Jean-Gabriel Pageau in Rangers zone.
16:22 of 1st period - Ryan McDonagh is hit by Brent Burns and loses puck.
16:28 of 1st period - Cam Atkinson is hit by Brent Burns.
17:01 of 1st period - Off-side.
17:02 of 1st period - Connor McDavid wins face-off versus Adam Lowry in neutral zone.
17:18 of 1st period - Shot by Connor McDavid.
17:18 of 1st period - Shot Blocked by Jean-Gabriel Pageau.
17:36 of 1st period - Shot by Matt Niskanen.
17:36 of 1st period - Shot Misses the Net.
17:38 of 1st period - Shot by Matt Niskanen.
17:38 of 1st period - Stopped by Jonathan Quick without a rebound.
17:39 of 1st period - Vincent Trocheck wins face-off versus Adam Lowry in Oilers zone.
17:52 of 1st period - Shot by Ryan McDonagh.
17:52 of 1st period - Stopped by Jonathan Quick without a rebound.
17:53 of 1st period - Connor McDavid wins face-off versus Jean-Gabriel Pageau in Oilers zone.
18:01 of 1st period - Icing by Nick Bonino.
18:02 of 1st period - Connor McDavid wins face-off versus Adam Lowry in Rangers zone.
18:02 of 1st period - Connor McDavid is hit by Barclay Goodrow.
19:34 of 1st period - Jean-Gabriel Pageau is hit by David Savard and loses puck.
19:45 of 1st period - Shot by Connor McDavid.
19:45 of 1st period - Shot Misses the Net.
19:47 of 1st period - Shot by David Savard.
19:47 of 1st period - Shot Hit the Post.
19:49 of 1st period - Shot by Connor McDavid.
19:49 of 1st period - Stopped by Jonathan Quick without a rebound.
19:50 of 1st period - Vincent Trocheck wins face-off versus Adam Lowry in Oilers zone.
19:50 of 1st period - Cam Atkinson is hit by Vladislav Gavrikov and loses puck.
Goals for this period are 1 for Rangers vs 0 for Oilers.
Shots for this period are 14 for Rangers vs 6 for Oilers.

2nd period


0:01 of 2nd period - Ryan Getzlaf wins face-off versus Connor McDavid in neutral zone.
0:01 of 2nd period - Brent Burns is hit by Alexander Radulov and loses puck.
0:31 of 2nd period - Shot by Evander Kane.
0:31 of 2nd period - Stopped by Andrei Vasilevskiy without a rebound.
0:32 of 2nd period - Cam Atkinson wins face-off versus Jason Zucker in Rangers zone.
0:32 of 2nd period - Cam Atkinson is hit by Barclay Goodrow.
0:47 of 2nd period - Cam Atkinson is hit by Brenden Dillon and loses puck.
0:57 of 2nd period - Icing by Travis Hamonic.
0:58 of 2nd period - Nick Bonino wins face-off versus Ryan Johansen in Oilers zone.
1:21 of 2nd period - Shot by Nick Bonino.
1:21 of 2nd period - Stopped by Jonathan Quick without a rebound.
1:22 of 2nd period - Ryan Getzlaf wins face-off versus Connor McDavid in Oilers zone.
1:22 of 2nd period - Ryan Getzlaf is hit by Zach Hyman.
1:25 of 2nd period - Icing by Brent Burns.
1:26 of 2nd period - Connor McDavid wins face-off versus Ryan Getzlaf in Oilers zone.
1:47 of 2nd period - Brent Burns is hit by Alexander Radulov and loses puck.
2:46 of 2nd period - Yanni Gourde is hit by Andrew Ladd and loses puck.
3:20 of 2nd period - Icing by Travis Hamonic.
3:21 of 2nd period - Brandon Pirri wins face-off versus Jean-Gabriel Pageau in Oilers zone.
3:34 of 2nd period - Milan Lucic is hit by Brenden Dillon and loses puck.
3:48 of 2nd period - Brenden Dillon and Milan Lucic fight to a draw.
3:48 of 2nd period - Penalty to Brenden Dillon for Fighting.
3:48 of 2nd period - Penalty to Milan Lucic for Fighting.
3:49 of 2nd period - Ryan Getzlaf wins face-off versus Nick Bonino in neutral zone.
4:56 of 2nd period - Shot by Barclay Goodrow.
4:56 of 2nd period - Stopped by Andrei Vasilevskiy with a rebound.
5:19 of 2nd period - Connor McDavid is hit by Justin Braun and loses puck.
5:31 of 2nd period - Minor Penalty to Adam Lowry for Tripping.
5:32 of 2nd period - Vincent Trocheck wins face-off versus Riley Nash in Oilers zone.
5:33 of 2nd period - Shot by Matt Niskanen.
5:33 of 2nd period - Stopped by Jonathan Quick without a rebound.
5:34 of 2nd period - Vincent Trocheck wins face-off versus Riley Nash in Oilers zone.
5:41 of 2nd period - Shot by Cam Atkinson.
5:41 of 2nd period - Shot Misses the Net.
5:57 of 2nd period - Shot by Matt Niskanen.
5:57 of 2nd period - Shot Misses the Net.
6:03 of 2nd period - Shot by Vincent Trocheck.
6:03 of 2nd period - Shot Misses the Net.
8:09 of 2nd period - Ryan Getzlaf is hit by Erik Cernak.
8:10 of 2nd period - Ryan Getzlaf from Oilers is injured at 8:10 of 2nd period (Sprained Right Finger).
8:11 of 2nd period - Adam Lowry wins face-off versus Nick Bonino in Rangers zone.
8:15 of 2nd period - Icing by Dmitry Kulikov.
8:16 of 2nd period - Adam Lowry wins face-off versus Nick Bonino in Rangers zone.
9:42 of 2nd period - Shot by Cam Atkinson.
9:42 of 2nd period - Stopped by Jonathan Quick without a rebound.
9:43 of 2nd period - Adam Lowry wins face-off versus Connor McDavid in Oilers zone.
9:54 of 2nd period - Shot by Evander Kane.
9:54 of 2nd period - Stopped by Andrei Vasilevskiy without a rebound.
9:55 of 2nd period - Jean-Gabriel Pageau wins face-off versus Brandon Pirri in Rangers zone.
10:00 of 2nd period - Shot by Pavel Buchnevich.
10:00 of 2nd period - Shot Misses the Net.
11:53 of 2nd period - Shot by Vincent Trocheck.
11:53 of 2nd period - Shot Misses the Net.
13:02 of 2nd period - Shot by Pavel Buchnevich.
13:02 of 2nd period - Stopped by Andrei Vasilevskiy without a rebound.
13:03 of 2nd period - Connor McDavid wins face-off versus Pavel Buchnevich in Rangers zone.
13:28 of 2nd period - Matt Niskanen is hit by Evander Kane and loses puck.
13:56 of 2nd period - Shot by Jason Zucker.
13:56 of 2nd period - Stopped by Andrei Vasilevskiy with a rebound.
13:58 of 2nd period - Shot by Barclay Goodrow.
13:58 of 2nd period - Stopped by Andrei Vasilevskiy with a rebound.
14:00 of 2nd period - Shot by Ryan Johansen.
14:00 of 2nd period - Stopped by Andrei Vasilevskiy without a rebound.
14:01 of 2nd period - Adam Lowry wins face-off versus Vincent Trocheck in Rangers zone.
14:01 of 2nd period - Adam Lowry is hit by Erik Cernak.
14:09 of 2nd period - Shot by Andrew Ladd.
14:09 of 2nd period - Shot Misses the Net.
14:11 of 2nd period - Shot by Cam Atkinson.
14:11 of 2nd period - Shot Misses the Net.
14:13 of 2nd period - Shot by Cam Atkinson.
14:13 of 2nd period - Shot Misses the Net.
14:15 of 2nd period - Shot by Andrew Ladd.
14:15 of 2nd period - Shot Misses the Net.
14:17 of 2nd period - Shot by Vincent Trocheck.
14:17 of 2nd period - Goal by Vincent Trocheck - Rangers : 2 - Oilers : 0.
14:18 of 2nd period - Ryan Johansen wins face-off versus Brandon Pirri in neutral zone.
14:24 of 2nd period - Icing by Ryan McDonagh.
14:25 of 2nd period - Brandon Pirri wins face-off versus Adam Lowry in Rangers zone.
15:28 of 2nd period - Ryan Johansen is hit by David Savard and loses puck.
15:58 of 2nd period - Off-side.
15:59 of 2nd period - Connor McDavid wins face-off versus Jean-Gabriel Pageau in neutral zone.
16:06 of 2nd period - Shot by Pavel Buchnevich.
16:06 of 2nd period - Shot Misses the Net.
16:16 of 2nd period - Shot by Yanni Gourde.
16:16 of 2nd period - Shot Misses the Net.
16:18 of 2nd period - Shot by Vladislav Gavrikov.
16:18 of 2nd period - Stopped by Andrei Vasilevskiy without a rebound.
16:19 of 2nd period - Adam Lowry wins face-off versus Vincent Trocheck in Rangers zone.
16:54 of 2nd period - Shot by Gustav Nyquist.
16:54 of 2nd period - Stopped by Andrei Vasilevskiy without a rebound.
16:55 of 2nd period - Ryan Johansen wins face-off versus Alexander Radulov in Rangers zone.
16:55 of 2nd period - Jason Zucker is hit by Matt Niskanen and loses puck.
17:45 of 2nd period - Minor Penalty to Brenden Dillon for Hooking.
17:46 of 2nd period - Vincent Trocheck wins face-off versus Jean-Gabriel Pageau in Oilers zone.
17:46 of 2nd period - Vincent Trocheck is hit by Justin Braun.
18:06 of 2nd period - Shot by Brent Burns.
18:06 of 2nd period - Stopped by Andrei Vasilevskiy without a rebound.
18:07 of 2nd period - Vincent Trocheck wins face-off versus Adam Lowry in Rangers zone.
18:28 of 2nd period - Icing by Noel Acciari.
18:29 of 2nd period - Adam Lowry wins face-off versus Vincent Trocheck in Rangers zone.
18:59 of 2nd period - Jean-Gabriel Pageau is hit by Connor McDavid and loses puck.
19:13 of 2nd period - Ryan McDonagh is hit by Justin Braun.
19:29 of 2nd period - Shot by Nick Bonino.
19:29 of 2nd period - Shot Misses the Net.
Goals for this period are 1 for Rangers vs 0 for Oilers.
Shots for this period are 4 for Rangers vs 10 for Oilers.

3rd period


0:01 of 3rd period - Connor McDavid wins face-off versus Adam Lowry in neutral zone.
0:03 of 3rd period - Off-side.
0:04 of 3rd period - Connor McDavid wins face-off versus Adam Lowry in neutral zone.
0:18 of 3rd period - Nick Leddy is hit by Evander Kane and loses puck.
1:04 of 3rd period - Matt Niskanen is hit by Brenden Dillon and loses puck.
1:49 of 3rd period - Ryan McDonagh is hit by Jean-Gabriel Pageau and loses puck.
2:09 of 3rd period - Shot by Jean-Gabriel Pageau.
2:09 of 3rd period - Stopped by Andrei Vasilevskiy without a rebound.
2:10 of 3rd period - Nick Bonino wins face-off versus Adam Lowry in Rangers zone.
2:33 of 3rd period - Shot by Nick Bonino.
2:33 of 3rd period - Stopped by Jonathan Quick with a rebound.
2:35 of 3rd period - Shot by Nick Bonino.
2:35 of 3rd period - Stopped by Jonathan Quick without a rebound.
2:36 of 3rd period - Jean-Gabriel Pageau wins face-off versus Brandon Pirri in Oilers zone.
2:46 of 3rd period - Matt Niskanen is hit by Vladislav Gavrikov and loses puck.
4:00 of 3rd period - Shot by Evander Kane.
4:00 of 3rd period - Stopped by Andrei Vasilevskiy without a rebound.
4:01 of 3rd period - Ryan Johansen wins face-off versus Vincent Trocheck in Rangers zone.
4:04 of 3rd period - Shot by Barclay Goodrow.
4:04 of 3rd period - Shot Misses the Net.
4:18 of 3rd period - Shot by Ryan Johansen.
4:18 of 3rd period - Stopped by Andrei Vasilevskiy without a rebound.
4:19 of 3rd period - Pavel Buchnevich wins face-off versus Nick Bonino in Rangers zone.
5:18 of 3rd period - Shot by Vincent Trocheck.
5:18 of 3rd period - Stopped by Jonathan Quick without a rebound.
5:19 of 3rd period - Connor McDavid wins face-off versus Adam Lowry in Oilers zone.
5:25 of 3rd period - Off-side.
5:26 of 3rd period - Connor McDavid wins face-off versus Ryan Johansen in neutral zone.
5:31 of 3rd period - Shot by Alexander Radulov.
5:31 of 3rd period - Shot Misses the Net.
5:33 of 3rd period - Shot by David Savard.
5:33 of 3rd period - Shot Misses the Net.
5:35 of 3rd period - Shot by Alexander Radulov.
5:35 of 3rd period - Shot Blocked by Brenden Dillon.
5:37 of 3rd period - Shot by Zach Hyman.
5:37 of 3rd period - Stopped by Jonathan Quick without a rebound.
5:38 of 3rd period - Vincent Trocheck wins face-off versus Adam Lowry in Oilers zone.
5:55 of 3rd period - Justin Braun is hit by Vincent Trocheck and loses puck.
6:26 of 3rd period - Shot by Gustav Nyquist.
6:26 of 3rd period - Stopped by Andrei Vasilevskiy without a rebound.
6:27 of 3rd period - Connor McDavid wins face-off versus Pavel Buchnevich in Rangers zone.
6:29 of 3rd period - Icing by Matt Niskanen.
6:30 of 3rd period - Connor McDavid wins face-off versus Pavel Buchnevich in Rangers zone.
7:48 of 3rd period - Icing by Ryan McDonagh.
7:49 of 3rd period - Adam Lowry wins face-off versus Nick Bonino in Rangers zone.
8:03 of 3rd period - Shot by Adam Lowry.
8:03 of 3rd period - Shot Misses the Net.
8:05 of 3rd period - Shot by Adam Lowry.
8:05 of 3rd period - Deflect By Nick Cousins.
8:05 of 3rd period - Shot Blocked by Ryan McDonagh.
8:07 of 3rd period - Shot by Adam Lowry.
8:07 of 3rd period - Shot Misses the Net.
8:27 of 3rd period - Shot by Riley Nash.
8:27 of 3rd period - Shot Misses the Net.
9:27 of 3rd period - Shot by Cam Atkinson.
9:27 of 3rd period - Shot Misses the Net.
9:29 of 3rd period - Shot by Cam Atkinson.
9:29 of 3rd period - Shot Blocked by Jacob Trouba.
9:58 of 3rd period - Shot by Brandon Pirri.
9:58 of 3rd period - Stopped by Jonathan Quick without a rebound.
9:59 of 3rd period - Adam Lowry wins face-off versus Connor McDavid in Oilers zone.
11:32 of 3rd period - Shot by Jason Zucker.
11:32 of 3rd period - Stopped by Andrei Vasilevskiy with a rebound.
11:41 of 3rd period - Shot by Brent Burns.
11:41 of 3rd period - Stopped by Andrei Vasilevskiy without a rebound.
11:42 of 3rd period - Vincent Trocheck wins face-off versus Pavel Buchnevich in Rangers zone.
11:42 of 3rd period - Vincent Trocheck is hit by Evander Kane.
12:09 of 3rd period - Minor Penalty to Brenden Dillon for Holding Stick.
12:10 of 3rd period - Connor McDavid wins face-off versus Adam Lowry in Oilers zone.
12:15 of 3rd period - Shot by Connor McDavid.
12:15 of 3rd period - Shot Blocked by Brent Burns.
12:17 of 3rd period - Shot by Nick Leddy.
12:17 of 3rd period - Goal by Nick Leddy - Rangers : 3 - Oilers : 0.
12:18 of 3rd period - Connor McDavid wins face-off versus Ryan Johansen in neutral zone.
12:23 of 3rd period - Barclay Goodrow is hit by Alexander Radulov and loses puck.
12:56 of 3rd period - Icing by Barclay Goodrow.
12:57 of 3rd period - Vincent Trocheck wins face-off versus Ryan Johansen in Oilers zone.
12:57 of 3rd period - Vincent Trocheck is hit by Jacob Trouba.
13:01 of 3rd period - Shot by Andrew Ladd.
13:01 of 3rd period - Shot Misses the Net.
13:53 of 3rd period - Shot by Adam Lowry.
13:53 of 3rd period - Stopped by Andrei Vasilevskiy without a rebound.
13:54 of 3rd period - Connor McDavid wins face-off versus Jean-Gabriel Pageau in Rangers zone.
13:54 of 3rd period - Connor McDavid is hit by Yanni Gourde.
14:17 of 3rd period - Pavel Buchnevich is hit by Matt Niskanen and loses puck.
14:20 of 3rd period - Shot by Jean-Gabriel Pageau.
14:20 of 3rd period - Shot Misses the Net.
14:22 of 3rd period - Shot by Yanni Gourde.
14:22 of 3rd period - Stopped by Andrei Vasilevskiy without a rebound.
14:23 of 3rd period - Nick Bonino wins face-off versus Ryan Johansen in Rangers zone.
14:23 of 3rd period - Nick Bonino is hit by Barclay Goodrow.
14:24 of 3rd period - Minor Penalty to Jason Zucker for High sticking.
14:25 of 3rd period - Vincent Trocheck wins face-off versus Adam Lowry in Oilers zone.
14:28 of 3rd period - Shot by Nick Bonino.
14:28 of 3rd period - Shot Misses the Net.
14:30 of 3rd period - Shot by Nick Bonino.
14:30 of 3rd period - Shot Blocked by Adam Lowry.
14:32 of 3rd period - Shot by Ryan McDonagh.
14:32 of 3rd period - Stopped by Jonathan Quick without a rebound.
14:33 of 3rd period - Adam Lowry wins face-off versus Connor McDavid in Oilers zone.
14:48 of 3rd period - Shot by Alexander Radulov.
14:48 of 3rd period - Shot Misses the Net.
14:50 of 3rd period - Shot by Alexander Radulov.
14:50 of 3rd period - Deflect By Connor McDavid.
14:50 of 3rd period - Shot Misses the Net.
14:52 of 3rd period - Shot by Nick Leddy.
14:52 of 3rd period - Shot Blocked by Brent Burns.
14:54 of 3rd period - Shot by Nick Leddy.
14:54 of 3rd period - Stopped by Jonathan Quick without a rebound.
14:55 of 3rd period - Vincent Trocheck wins face-off versus Barclay Goodrow in Oilers zone.
15:04 of 3rd period - Shot by Vincent Trocheck.
15:04 of 3rd period - Stopped by Jonathan Quick without a rebound.
15:05 of 3rd period - Adam Lowry wins face-off versus Connor McDavid in Oilers zone.
15:05 of 3rd period - Adam Lowry is hit by Alexander Radulov.
15:46 of 3rd period - Shot by Connor McDavid.
15:46 of 3rd period - Stopped by Jonathan Quick with a rebound.
16:02 of 3rd period - Shot by Vincent Trocheck.
16:02 of 3rd period - Deflect By Noel Acciari.
16:02 of 3rd period - Stopped by Jonathan Quick without a rebound.
16:03 of 3rd period - Vincent Trocheck wins face-off versus Jean-Gabriel Pageau in Oilers zone.
16:37 of 3rd period - Icing by Dmitry Kulikov.
16:38 of 3rd period - Brandon Pirri wins face-off versus Pavel Buchnevich in Rangers zone.
17:33 of 3rd period - Shot by Barclay Goodrow.
17:33 of 3rd period - Shot Misses the Net.
17:35 of 3rd period - Shot by Travis Hamonic.
17:35 of 3rd period - Shot Misses the Net.
17:51 of 3rd period - Shot by Barclay Goodrow.
17:51 of 3rd period - Shot Misses the Net.
18:31 of 3rd period - Shot by Adam Lowry.
18:31 of 3rd period - Shot Misses the Net.
18:39 of 3rd period - Shot by Riley Nash.
18:39 of 3rd period - Shot Misses the Net.
18:41 of 3rd period - Shot by Jacob Trouba.
18:41 of 3rd period - Shot Misses the Net.
18:43 of 3rd period - Shot by Brent Burns.
18:43 of 3rd period - Shot Blocked by Nick Leddy.
18:52 of 3rd period - Connor McDavid is hit by Yanni Gourde and loses puck.
19:02 of 3rd period - Icing by Matt Niskanen.
19:03 of 3rd period - Connor McDavid wins face-off versus Pavel Buchnevich in Rangers zone.
19:13 of 3rd period - Minor Penalty to Evander Kane for Interference.
19:14 of 3rd period - Vincent Trocheck wins face-off versus Adam Lowry in Oilers zone.
19:21 of 3rd period - Shot by Ryan McDonagh.
19:21 of 3rd period - Shot Misses the Net.
19:23 of 3rd period - Shot by Nick Bonino.
19:23 of 3rd period - Stopped by Jonathan Quick with a rebound.
19:25 of 3rd period - Shot by Nick Bonino.
19:25 of 3rd period - Stopped by Jonathan Quick without a rebound.
19:26 of 3rd period - Adam Lowry wins face-off versus Vincent Trocheck in Oilers zone.
19:49 of 3rd period - Shot by Cam Atkinson.
19:49 of 3rd period - Shot Misses the Net.
19:51 of 3rd period - Shot by Cam Atkinson.
19:51 of 3rd period - Stopped by Jonathan Quick without a rebound.
19:52 of 3rd period - Jean-Gabriel Pageau wins face-off versus Connor McDavid in Oilers zone.
Goals for this period are 1 for Rangers vs 0 for Oilers.
Shots for this period are 14 for Rangers vs 8 for Oilers.